 Dungeon Crawl Stone Soup version 0.26-a0-708-g17f3b190f9 (webtiles) character file.

Game seed: 3632220198363216093

659 robertstho the Skirmisher (level 7, -2/56 HPs)
             Began as a Demonspawn Abyssal Knight on Oct 28, 2020.
             Was a Believer of Lugonu.
             Slain by Pikel
             ... wielding a +2 whip of freezing
              (5 damage)
             ... on level 6 of the Dungeon.
             The game lasted 00:08:47 (6257 turns).

robertstho the Skirmisher (DsAK)                    Turns: 6257, Time: 00:08:48

Health: -2/56      AC: 10    Str: 14    XL:     7   Next: 30%
Magic:  10/10      EV:  7    Int: 13    God:    Lugonu [**....]
Gold:   326        SH:  0    Dex: 13    Spells: 6/6 levels left

rFire    . . .     SeeInvis .   f - +4 rapier
rCold    . . .     Faith    .   (no shield)
rNeg     . . .     Spirit   .   r - +0 chain mail
rPois    .         Reflect  .   (helmet restricted)
rElec    .         Harm     .   o - +0 cloak
rCorr    .         Rampage  .   (no gloves)
MR       +....                  (no boots)
Stlth    ..........             (no amulet)
HPRegen  0.18/turn              d - ring of protection from magic
MPRegen  0.12/turn              (no ring)

@: about to teleport
A: horns 2, spiny 1, rot immunity
a: Depart the Abyss, Bend Space, Renounce Religion


You were on level 6 of the Dungeon.
You worshipped Lugonu.
Lugonu was pleased with you.
You visited 1 branch of the dungeon, and saw 6 of its levels.
You visited the Abyss 1 time.

You collected 326 gold pieces.

Inventory:

Hand Weapons
 f - a +4 rapier (weapon)
 k - a +0 long sword
 p - a +3 quarterstaff of chaos
Armour
 o - a +0 cloak (worn)
 r - a +0 chain mail (worn)
Jewellery
 d - a ring of protection from magic (left hand)
Wands
 a - a wand of paralysis (10)
 g - a wand of digging (8)
 i - a wand of enslavement (10)
Scrolls
 b - a scroll of amnesia {unknown}
 c - 2 scrolls of teleportation
 j - 5 scrolls of remove curse
 l - a scroll of immolation
 q - 2 scrolls of fear
 t - a scroll of enchant armour
 u - 2 scrolls of identify
 v - a scroll of magic mapping {unknown}
Potions
 e - 3 potions of magic
 h - 3 potions of stabbing
 m - a potion of resistance {unknown}
 n - 2 potions of brilliance
 s - a potion of ambrosia


   Skills:
 * Level 5.0 Fighting
 + Level 1.8(3.0) Short Blades
 + Level 3.7(4.0) Long Blades
 + Level 3.6 Armour
 + Level 2.1 Dodging
 + Level 0.3 Stealth
 * Level 4.6 Invocations


You had 6 spell levels left.
You didn't know any spells.
Your spell library contained the following spells:

 Spells                   Type           Power        Failure   Level
 Beastly Appendage        Tmut           #.....       100%        1
 Wereblood                Tmut           #.......     100%        2
 Spider Form              Tmut/Pois      #.........   100%        3
 Ice Form                 Ice/Tmut       #.......     100%        4
 Blade Hands              Tmut           #.........   100%        5


Dungeon Overview and Level Annotations

Branches:
Dungeon (6/15)             Temple (0/1) D:6

Altars:
Cheibriados
Gozag
Makhleb
Vehumet
Wu Jian

Annotations:
D:5 2 transporters, Whiskey's ghost, novice DsIE
D:6 Pikel


Innate Abilities, Weirdness & Mutations

You have a pair of horns on your head.
You are partially covered in sharp spines.
You are immune to rotting.


Message History

You hit Pikel.
Pikel is moderately wounded.
Pikel hits you with a +2 whip of freezing.
Pikel freezes you. The lemure hits you. The lemure barely misses you.
Unknown command.
Pikel hits you with a +2 whip of freezing!
* * * LOW HITPOINT WARNING * * *
Pikel freezes you.
* * * LOW HITPOINT WARNING * * *
You see here a potion of lignification.
Unknown command.
As you read the scroll of teleportation, it crumbles to dust.
You feel strangely unstable.
Pikel hits you with a +2 whip of freezing!
* * * LOW HITPOINT WARNING * * *
Pikel freezes you.
* * * LOW HITPOINT WARNING * * *
Unknown command.
Pikel hits you with a +2 whip of freezing.
You die...

######## #######......#
##............#
##.............# .
######..............# ...
#...................#
.....#o##................#
......55K@............#...
......5##............##(..
..........#.........##....
#......##..............#.#
....... .......÷÷....###..
..>....##.#...........#...
....### ..#.........))...)
#... .##..........##...
#........†.##...


You could see Pikel (berserk), 3 lemures and an orc.

Vanquished Creatures
  An ice beast (D:5)
  A scorpion (D:4)
  A hound (D:6)
  Crazy Yiuf (D:2)
  A centaur zombie (D:6)
  An orc priest (D:5)
  2 orc wizards
  3 worker ants
  10 gnolls
  6 adders
  3 oozes
  An adder zombie (D:5)
  4 worms
  4 dart slugs
  A leopard gecko (D:5)
  9 orcs
  7 bats
  2 giant cockroaches (D:2)
  9 goblins
  5 hobgoblins
  4 jackals (D:2)
  A quokka (D:4)
  3 ball pythons (D:2)
  2 frilled lizards (D:3)
  6 kobolds
  A quokka skeleton (D:2)
  8 rats
  2 bushes (D:1)
99 creatures vanquished.

Vanquished Creatures (others)
  6 plants (D:5)
6 creatures vanquished.

Grand Total: 105 creatures vanquished

Notes
Turn   | Place    | Note
-------+----------+-------------------------------------------
     0 | Abyss:1  | robertstho the Demonspawn Abyssal Knight began the quest
                  | for the Orb.
     0 | Abyss:1  | Reached XP level 1. HP: 18/18 MP: 2/2
    62 | Abyss:1  | Noticed an ancient zyme
    66 | D:1      | Escaped the Abyss
   290 | D:1      | Reached skill level 1 in Dodging
   352 | D:1      | Gained mutation: You have a pair of small horns on your
                  | head. [demonic ancestry]
   352 | D:1      | Reached XP level 2. HP: 12/24 MP: 4/4
  1335 | D:2      | Reached * piety under Lugonu
  1346 | D:2      | Gained mutation: You have a pair of horns on your head.
                  | [demonic ancestry]
  1346 | D:2      | Reached XP level 3. HP: 20/30 MP: 5/5
  1529 | D:2      | Found a radiant altar of Vehumet.
  1815 | D:2      | Found a runed translucent door.
  1816 | D:2      | Noticed Crazy Yiuf
  2408 | D:2      | Killed Crazy Yiuf
  2408 | D:2      | Reached skill level 4 in Fighting
  2408 | D:2      | Reached XP level 4. HP: 29/37 MP: 2/6
  2569 | D:3      | You fall into a shaft and drop 3 floors!
  2574 | D:6      | Found a staircase to the Ecumenical Temple.
  2862 | D:5      | Entered Level 5 of the Dungeon
  2895 | D:5      | Gained mutation: You are partially covered in sharp spines.
                  | [demonic ancestry]
  2895 | D:5      | Reached XP level 5. HP: 9/42 MP: 7/7
  2898 | D:5      | Reached ** piety under Lugonu
  3193 | D:5      | Identified the +3 ring mail "Orumal" {Slay+3}
  3818 | D:5      | Noticed an ice beast
  3826 | D:5      | Killed an ice beast
  3826 | D:5      | Reached XP level 6. HP: 49/49 MP: 7/9
  3868 | D:5      | Found a transporter.
  3878 | D:5      | Found a transporter.
  3892 | D:5      | Noticed Whiskey's ghost (novice DsIE)
  4114 | D:4      | Found a snail-covered altar of Cheibriados.
  4118 | D:4      | Found an ornate altar of the Wu Jian Council.
  5127 | D:3      | Gained mutation: You are immune to rotting. [demonic
                  | ancestry]
  5127 | D:3      | Reached XP level 7. HP: 54/55 MP: 10/10
  5208 | D:3      | Found an opulent altar of Gozag.
  5902 | D:6      | Reached skill level 1 in Short Blades
  6183 | D:6      | Found a burning altar of Makhleb.
  6242 | D:6      | Noticed Pikel
  6246 | D:6      | Reached skill level 5 in Fighting
  6257 | D:6      | Slain by Pikel

Illustrated notes

Levels and vault maps discovered:
D:1:      evilmike_arrival_hilbert_curve, layout_basic, serial_forest,
          infiniplex_forest_zigzag_1, infiniplex_forest_lined_2,
          infiniplex_forest_straight_4, infiniplex_forest_clump_curved,
          infiniplex_forest_straight_2, infiniplex_forest_straight_3,
          infiniplex_forest_clump_medium, infiniplex_forest_lined_corner,
          infiniplex_forest_straight_4, hangedman_decor_clover_reticule,
          minmay_parallelograms
D:2:      layout_loops_ring, vehumet_crystals, uniq_crazy_yiuf_cottage
D:3:      layout_basic, grunt_gozag_statues
D:4:      layout_basic, grunt_temple_overflow_open
D:5:      layout_basic, gammafunk_ghost_gnarly_gnolls,
          hangedman_abyss_or_decor_passed
D:6:      layout_rooms, nicolae_overflow_crystal_walls,
          minmay_temple_entry_nine_rooms, uniq_pikel

Skill      XL: |  1  2  3  4  5  6  7 |
---------------+----------------------+-----
Dodging        | 1 2 |  2.1
Long Blades    | 2 3 |  3.7
Armour         | 2 3 |  3.6
Invocations    | 3 4 |  4.6
Fighting       | 4 5 |  5.0
Short Blades   | 1 |  1.8
Stealth        | |  0.3

Action                   |  1- 3 |  4- 6 |  7- 9 || total
-------------------------+-------+-------+-------++-------
Melee: Falchion          |   335 |    73 |       ||   408
       Headbutt          |    98 |    27 |     8 ||   133
       Rapier            |       |    38 |    44 ||    82
       Long sword        |       |     3 |       ||     3
Invok: Depart the Abyss  |     1 |       |       ||     1
  Use: Scroll            |     2 |     7 |     4 ||    13
       Potion            |       |     5 |       ||     5
Armor: Leather armour    |    22 |       |       ||    22
       Ring mail         |     1 |     4 |       ||     5
       Chain mail        |       |    69 |    30 ||    99
       Skin              |       |     6 |       ||     6
Dodge: Dodged            |    53 |    55 |    32 ||   140
       Rpst.: Falchion   |    12 |     9 |       ||    21
       Long sword        |       |     1 |       ||     1

Table legend: (Time is in decaauts)
 A = Elapsed time spent in this place.
 B = Non-inter-level travel time spent in this place.
 C = Inter-level travel time spent in this place.
 D = Time resting spent in this place.
 E = Time spent auto-exploring this place.
 F = Levels seen in this place.
 G = Mean time per level.
                   A        B        C        D        E       F      G
               +--------+--------+--------+--------+--------+-----+--------+
         Total |   6348 |   5983 |    365 |    276 |   4651 |   7 |  906.9 |
       Dungeon |   6282 |   5917 |    365 |    276 |   4590 |   6 | 1047.0 |
         Abyss |     66 |     66 |      0 |      0 |     61 |   1 |   66.0 |
               +--------+--------+--------+--------+--------+-----+--------+

Top non-repeatable levels by time:
     D:2: 1297 daAuts
     D:5: 1277 daAuts
     D:1: 1266 daAuts
     D:4: 992 daAuts
     D:3: 758 daAuts
     D:6: 689 daAuts
 Abyss:1: 66 daAuts
